 Dungeon Crawl Stone Soup version 0.27-a0-512-g57cc695410 (webtiles) character file.

Game seed: 1459394097603433645

1080 sahdkjhfkaj the Shield-Bearer (level 8, -3/70 HPs)
             Began as a Minotaur Fighter on Mar 3, 2021.
             Killed from afar by Maggie (11 damage)
             ... with a bolt of fire
             ... on level 6 of the Dungeon.
             The game lasted 00:04:27 (4742 turns).

sahdkjhfkaj the Shield-Bearer (Minotaur Fighter)    Turns: 4742, Time: 00:04:27

Health: -3/70      AC: 13    Str: 22    XL:     8   Next: 8%
Magic:  7/7        EV:  6    Int:  5    God:
Gold:   312        SH: 11    Dex: 11    Spells: 7/7 levels left

rFire    . . .     SeeInvis .   a - +1 war axe
rCold    . . .     Faith    .   c - +0 kite shield
rNeg     . . .     Spirit   .   k - +0 chain mail
rPois    .         Reflect  .   (helmet restricted)
rElec    .         Harm     .   e - +0 cloak
rCorr    .         Rampage  .   n - +1 pair of gloves
Will     .....                  (no boots)
Stlth    ..........             (no amulet)
HPRegen  0.21/turn              (no ring)
MPRegen  0.10/turn              (no ring)

@: mesmerised
A: horns 2, retaliatory headbutt
a: no special abilities


You were on level 6 of the Dungeon.
You visited 1 branch of the dungeon, and saw 6 of its levels.

You collected 312 gold pieces.

Inventory:

Hand Weapons
 a - a +1 war axe (weapon)
Missiles
 m - a throwing net (quivered) {!f}
Armour
 c - a +0 kite shield (worn)
 e - a +0 cloak (worn)
 k - a +0 chain mail (worn)
 n - a +1 pair of gloves (worn)
 p - a +2 pair of boots
Jewellery
 f - a ring of fire
Wands
 v - a wand of mindburst (10)
Scrolls
 d - 4 scrolls of magic mapping
 g - a scroll of enchant weapon
 h - 3 scrolls of fog {unknown}
 j - 3 scrolls of teleportation {@r3}
 o - a scroll of noise {unknown}
 q - a scroll of enchant armour {unknown}
 r - a scroll of fear {unknown}
 u - a scroll of acquirement {unknown}
Potions
 b - 3 potions of heal wounds {@q2}
 i - 5 potions of attraction
 l - a potion of curing {unknown}
 s - 3 potions of lignification
 t - a potion of magic
 w - 2 potions of degeneration {unknown}


   Skills:
 + Level 5.9 Fighting
 * Level 7.0 Axes
 + Level 5.8 Armour
 * Level 7.4 Shields


You had 7 spell levels left.
You didn't know any spells.
Your spell library was empty.

Dungeon Overview and Level Annotations

Branches:
Dungeon (6/15)             Temple (0/1) D:5

Altars:
Ashenzari
Yredelemnul

Annotations:
D:5 1 runed translucent door, Crazy Yiuf
D:6 Maggie


Innate Abilities, Weirdness & Mutations

You have a pair of horns on your head.
You reflexively headbutt those who attack you in melee.


Message History

Maggie gestures wildly while chanting.
Maggie attempts to bespell you!
You are mesmerised by Maggie!
Your chain mail prevents you from hitting Maggie.
Maggie is almost dead.
Maggie mumbles some strange words.
Maggie draws you further into her thrall.
Maggie zaps a wand.
You resist with some effort.
A worker ant comes into view.
Unknown command.
You closely miss Maggie.
Maggie is almost dead.
Maggie zaps a wand.
You suddenly lose the ability to move!
Maggie points at you and mumbles some strange words.
The bolt of fire hits you!!
* * * LOW HITPOINT WARNING * * *
Maggie casts a spell.
Maggie draws you further into her thrall.
Maggie hits you with a +0 vorpal scimitar.
* * * LOW HITPOINT WARNING * * *
* * * LOW HITPOINT WARNING * * *
Maggie casts a spell at you. The bolt of fire hits you.
* * * LOW HITPOINT WARNING * * *
Maggie zaps a wand.
You resist with some effort.
You can move again.
You barely miss Maggie.
Maggie is almost dead.
Maggie points at you and mumbles some strange words.
The bolt of fire hits you.
* * * LOW HITPOINT WARNING * * *
You barely miss Maggie.
Maggie is almost dead.
Maggie hits you but does no damage.
Unknown command.
You hit Maggie.
Maggie is almost dead.
Maggie points at you and mumbles some strange words.
The bolt of fire hits you!
You die...

.# #.# #.#
..########### #.#
............#####.#
.#.####...<>....##.#
........#######.##.#
##.#.##@# #....# #
#@# #.##.# #B#
#....##### #.#
#........# #.#
#.######.# #.# #.#
#.. #.. ..# ### ...
..## ..


You could see Maggie (mesmerising, strong) and a worker ant.

Vanquished Creatures
  Sigmund (D:3)
  Eustachio (D:5)
  Menkaure (D:5)
  Edmund (D:6)
  A scorpion (D:5)
  A jelly (D:5)
  A hound (D:4)
  2 centaur skeletons
  An iguana (D:6)
  An orc wizard (D:4)
  3 worker ants
  9 gnolls
  5 adders
  2 shadow imps
  4 worms
  2 dart slugs (D:3)
  6 leopard geckos
  13 orcs
  8 giant cockroaches
  6 goblins
  6 hobgoblins
  5 jackals
  5 quokkas
  7 bats
  5 frilled lizards
  7 kobolds
  A leopard gecko skeleton (D:5)
  3 rats
108 creatures vanquished.

Vanquished Creatures (others)
  6 plants (D:1)
6 creatures vanquished.

Grand Total: 114 creatures vanquished

Notes
Turn   | Place    | Note
-------+----------+-------------------------------------------
     0 | D:1      | sahdkjhfkaj the Minotaur Fighter began the quest for the
                  | Orb.
     0 | D:1      | Reached XP level 1. HP: 19/19 MP: 0/0
   141 | D:1      | Reached XP level 2. HP: 27/27 MP: 1/1
   572 | D:1      | Found a broken altar of Ashenzari.
   992 | D:2      | Found a faded altar of an unknown god.
  1169 | D:2      | Reached XP level 3. HP: 25/33 MP: 2/2
  1716 | D:3      | Reached XP level 4. HP: 22/40 MP: 3/3
  1748 | D:3      | HP: 2/40 [worm (4)]
  2075 | D:3      | Noticed Sigmund
  2096 | D:3      | HP: 1/40 [Sigmund/magic dart (3)]
  2097 | D:3      | Killed Sigmund
  2098 | D:3      | Reached skill level 5 in Shields
  2098 | D:3      | Reached XP level 5. HP: 1/47 MP: 4/4
  2098 | D:3      | Reached XP level 6. HP: 2/53 MP: 5/5
  2459 | D:3      | Reached skill level 5 in Axes
  2506 | D:3      | Found a basalt altar of Yredelemnul.
  3200 | D:4      | Reached skill level 5 in Armour
  3284 | D:4      | Reached skill level 5 in Fighting
  3469 | D:5      | Entered Level 5 of the Dungeon
  3582 | D:5      | Noticed Menkaure
  3591 | D:5      | Killed Menkaure
  3592 | D:5      | Reached XP level 7. HP: 18/61 MP: 6/6
  3898 | D:5      | Noticed Eustachio
  3920 | D:5      | Killed Eustachio
  4182 | D:5      | Found a staircase to the Ecumenical Temple.
  4395 | D:5      | Found a runed translucent door.
  4396 | D:5      | Noticed Crazy Yiuf
  4582 | D:6      | Noticed Edmund
  4597 | D:6      | Killed Edmund
  4598 | D:6      | Reached XP level 8. HP: 57/70 MP: 7/7
  4719 | D:6      | Noticed Maggie
  4734 | D:6      | Paralysed by Maggie for 6 turns
  4742 | D:6      | Killed from afar by Maggie

Illustrated notes

Levels and vault maps discovered:
D:1:      minmay_arrival_shattered_statue, layout_loops_ring, fountainhead,
          minivault_24, serial_bayou_ford_a, evilmike_ruin_ashenzari
D:2:      layout_basic, chequers_ecumenical_altar_grove
D:3:      minmay_spotlight, layout_rooms, overflow_temple_1_default,
          uniq_sigmund
D:4:      layout_rooms
D:5:      layout_rooms, temple_doors_ab, hangedman_glass_teeth, uniq_menkaure,
          uniq_crazy_yiuf_cottage, uniq_eustachio
D:6:      layout_loops_ring, minmay_misc_feat_tiny, mrwooster_statue_mirror,
          tso_altar, uniq_edmund, uniq_maggie

Skill      XL: |  1  2  3  4  5  6  7 |
---------------+----------------------+-----
Shields        | 4 5 6 7 |  7.4
Axes           | 3 4 6 7 |  7.0
Fighting       | 4 5 |  5.9
Armour         | 4 5 |  5.8

Action                   |  1- 3 |  4- 6 |  7- 9 || total
-------------------------+-------+-------+-------++-------
Melee: War axe           |   101 |   167 |    91 ||   359
       Headbutt          |    11 |    26 |    18 ||    55
  Use: Potion            |       |     3 |       ||     3
       Scroll            |       |     4 |     1 ||     5
Armor: Scale mail        |    68 |     8 |       ||    76
       Chain mail        |       |    98 |    62 ||   160
Dodge: Dodged            |    28 |    52 |    28 ||   108
Block: Kite shield       |    60 |   101 |    70 ||   231

Table legend: (Time is in decaauts)
 A = Elapsed time spent in this place.
 B = Non-inter-level travel time spent in this place.
 C = Inter-level travel time spent in this place.
 D = Time resting spent in this place.
 E = Time spent auto-exploring this place.
 F = Levels seen in this place.
 G = Mean time per level.
                   A        B        C        D        E       F      G
               +--------+--------+--------+--------+--------+-----+--------+
         Total |   4917 |   4793 |    124 |      0 |   3934 |   6 |  819.5 |
       Dungeon |   4917 |   4793 |    124 |      0 |   3934 |   6 |  819.5 |
               +--------+--------+--------+--------+--------+-----+--------+

Top non-repeatable levels by time:
     D:3: 1239 daAuts
     D:5: 1071 daAuts
     D:1: 948 daAuts
     D:2: 805 daAuts
     D:4: 609 daAuts
     D:6: 242 daAuts
